Map: Dusty Gorge

Players

ColWombaT

  • Race: Terran Terran
  • League: Grandmaster
  • Spawn Location: 9:00

Darling

  • Race: Zerg Zerg
  • League: Master
  • Spawn Location: 11:00

Adversity - Winner!

  • Race: Terran Terran
  • Spawn Location: 5:00

sethro - Winner!

  • Race: Zerg Zerg
  • Spawn Location: 3:00

VOD

Have the link to the VOD?

Description

Time

  • Played on: Sept. 2, 2018, 9:58 a.m.
  • Length: 3:20
Show
View Real Time Build Order
Export as new Build Order

ColWombaT Terran 

Build Orders: Cyclone Opening 

Get SALT Encoding   

  12  0:01  SCV  
  13  0:13  SCV  
  14  0:18  Supply Depot  
  14  0:25  SCV  
  15  0:30  Refinery  
  15  0:40  SCV  
  16  0:46  Barracks  
  16  0:52  SCV  
  17  0:58  Refinery  
  17  1:04  SCV  
  18  1:16  SCV  
  19  1:32  Orbital Command  
  19  1:34  Factory  
  19  1:47  Factory  
  19  1:52  Marine  
  20  2:00  SCV  
  21  2:10  Marine  
  22  2:17  Supply Depot  
  21  2:34  Cyclone  
Show
View Real Time Build Order
Export as new Build Order

Darling Zerg 

Build Orders: Hatch First 

Get SALT Encoding   

  12  0:01  Drone  
  13  0:13  Overlord  
  13  0:18  Drone  
  14  0:31  Drone x2  
  14  0:35  Drone  
  17  0:54  Hatchery  
  16  0:57  Drone  
  16  1:00  Drone  
  18  1:11  Extractor  
  18  1:16  Spawning Pool  
  16  1:18  Drone  
  16  1:22  Drone  
  18  1:31  Drone  
  19  1:40  Drone  
  20  2:04  Zergling x4  
  20  2:06  Queen  
  20  2:07  Queen  
  20  2:08  Zergling x2  
  27  2:12  Overlord  
  27  2:26  Drone  
  28  2:45  Drone x2  
  28  2:46  Overlord  
  28  2:47  Zergling x4  
  28  2:51  Zergling x2  
  34  3:17  Hatchery  
Show
View Real Time Build Order
Export as new Build Order

Adversity Terran - Winner!

Build Orders:  

Get SALT Encoding   

  12  0:01  SCV  
  13  0:13  SCV  
  14  0:19  Supply Depot  
  14  0:25  SCV  
  15  0:33  Refinery  
  15  0:40  SCV  
  16  0:46  Barracks  
  16  0:53  SCV  
  17  1:07  Barracks  
  17  1:17  Barracks  
  17  1:23  SCV  
  18  1:33  Reaper  
  19  1:40  Orbital Command  
  19  1:47  Refinery  
  19  1:56  Reaper  
  20  2:06  Supply Depot, Reaper  
  21  2:14  Reaper  
  22  2:28  Reaper  
  23  2:38  Reaper  
  23  2:42  Supply Depot  
  23  2:43  SCV  
  25  2:46  Reaper  
Show
View Real Time Build Order
Export as new Build Order

sethro Zerg - Winner!

Build Orders: Pool First 

Get SALT Encoding   

  12  0:02  Drone  
  13  0:14  Overlord  
  13  0:18  Drone  
  14  0:29  Extractor  
  14  0:30  Drone  
  14  0:32  Drone  
  15  0:45  Spawning Pool  
  15  0:48  Drone  
  15  0:52  Drone  
  16  0:58  Drone  
  17  1:14  Overlord  
  17  1:33  Metabolic Boost  
  17  1:34  Zergling x4  
  17  1:39  Queen  
  21  1:41  Zergling x2  
  22  1:52  Zergling x2  
  23  2:08  Zergling x2  
  24  2:16  Hatchery  
  21  2:39  Zergling x6  
  21  2:43  Queen  
  26  2:57  Zergling x2  
  27  3:11  Spine Crawler  
Tags
 
Add a new tag
Caveats
  • Supply blocks, unpowered buildings, or Contaminate may cause inaccurate times.
  • Supply counts are checked every 10 seconds.